 Dungeon Crawl Stone Soup version 0.24-a0-525-g9231cdcba1 (webtiles) character file.

Game seed: 10065825579795925940

2483 vegard the Magician (level 9, -7/45 HPs)
             Began as a Deep Elf Air Elementalist on Aug 1, 2019.
             Was a Believer of Vehumet.
             Shot with an arrow by a centaur (16 damage)
             ... on level 7 of the Dungeon.
             The game lasted 00:51:49 (9711 turns).

vegard the Magician (Deep Elf Air Elementalist)     Turns: 9711, Time: 00:51:50

Health: -7/45      AC:  5    Str:  5    XL:     9   Next: 27%
Magic:  31/31      EV: 16    Int: 24    God:    Vehumet [**....]
Gold:   331        SH:  0    Dex: 15    Spells: 11/23 levels left

rFire    + . .     SeeInvis .   j - +1 dagger (venom)
rCold    x . .     Gourm    .   (no shield)
rNeg     . . .     Faith    .   i - +0 robe (curse)
rPois    .         Spirit   .   (no helmet)
rElec    .         Reflect  .   (no cloak)
rCorr    .         Harm     .   r - +0 pair of gloves
MR       .....                  w - +1 pair of boots
Stlth    ++........             l - amulet of magic regeneration
HPRegen  0.15/turn              e - ring of fire
MPRegen  0.47/turn              g - ring of magical power

@: very slightly contaminated, invisible
A: no striking features
a: Renounce Religion


You were on level 7 of the Dungeon.
You worshipped Vehumet.
Vehumet was pleased with you.
You were hungry.

You visited 1 branch of the dungeon, and saw 7 of its levels.

You collected 331 gold pieces.

Inventory:

Hand Weapons
 h - a +0 short sword
 j - a +1 dagger of venom (weapon)
Armour
 a - a +0 robe
 b - a +0 ring mail
 i - a cursed +0 robe (worn)
 p - a +0 robe
 r - a +0 pair of gloves (worn)
 w - a +1 pair of boots (worn)
 x - a scarf of cloud immunity
 A - a +0 robe
Jewellery
 e - a ring of fire (left hand)
 g - a ring of magical power (right hand)
 l - an amulet of magic regeneration (around neck)
 v - a +3 ring of intelligence {unknown}
Wands
 y - a wand of iceblast (8)
Scrolls
 d - 2 scrolls of remove curse
 f - a scroll of identify
 n - a scroll of amnesia
 o - 6 scrolls of teleportation
 q - a scroll of vulnerability
 u - 2 scrolls of enchant weapon
Potions
 m - a potion of brilliance
 s - a potion of ambrosia
 t - 2 potions of curing
 z - a potion of heal wounds {unknown}
Comestibles
 c - 8 rations


   Skills:
 + Level 4.8 Short Blades
 + Level 6.8 Dodging
 - Level 3.3 Stealth
 + Level 7.7 Spellcasting
 + Level 6.2 Conjurations
 + Level 6.8 Air Magic


You had 11 spell levels left.
You knew the following spells:

 Your Spells              Type           Power        Failure   Level  Hunger
a - Shock                 Conj/Air       ####         1%          1    None
b - Swiftness             Chrm/Air       ####....     2%          2    None
c - Static Discharge      Conj/Air       #####...     1%          3    None
d - Lightning Bolt        Conj/Air       #####.....   12%         5    #####..
e - Confusing Touch       Hex            #.....       7%          1    None

Your spell library contained the following spells:

 Spells                   Type           Power        Failure   Level  Hunger
 Searing Ray              Conj           #####.       1%          2    None
 Airstrike                Air            #####.....   4%          4    ###....
 Confuse                  Hex            #.......     21%         3    None
 Gell's Gravitas          Tloc           #.........   21%         3    None
 Petrify                  Tmut/Erth      #.......     54%         4    ###....
 Metabolic Englaciation   Hex/Ice        #.........   88%         5    #####..
 Yara's Violent Unravell  Hex/Tmut       #.........   88%         5    #####..


Dungeon Overview and Level Annotations

Branches:
Dungeon (7/15)             Temple (0/1) D:6

Altars:
Ru
Vehumet
Yredelemnul
The Shining One

Shops:
D:4 :   D:5 }[=

Annotations:
D:1 exclusion: downstairs
D:5 1 exclusion


Message History

The centaur is severely wounded.
The centaur shoots an arrow.
The arrow hits you!
* * * LOW HITPOINT WARNING * * *
Okay, then.
You fade into invisibility!
You are very lightly contaminated with residual magic.
Press: ? - help, v - describe, . - travel The floor.
Unknown command.
Unknown command.
The centaur shoots an arrow.
The centaur shoots an arrow.
The arrow closely misses you.
A water moccasin comes into view.
The centaur shoots an arrow.
The arrow hits you.
* * * LOW HITPOINT WARNING * * *
You see here an arrow.
The centaur shoots an arrow.
The centaur shoots an arrow. x2
The centaur shoots an arrow.
The arrow hits you!
You die...

.........### ##.......#
...........# #.[.....# #....##
##.......## #.....##
#.........#
#......####.#.......#
#...(...##..##....<##
#.......S#.#####..##
########......(...## ####
..#..........(..@<.#
..#........(.....##
#.......).......###
##.......)).......####
#......c.)...........#####
#........................##
###(((......................#
##..##(..........###.........#
.#..###...........#####.##..##


You could see a water moccasin (wandering) and a centaur.

Vanquished Creatures
  A hungry ghost (D:7)
  2 ice beasts (D:6)
  An orc warrior (D:5)
  A phantom (D:4)
  A necrophage (D:5)
  A wolf (D:5)
  2 ogres
  2 centaurs
  A bullfrog (D:6)
  2 gnoll sergeants (D:5)
  A water moccasin zombie (D:6)
  A scorpion (D:6)
  A water moccasin skeleton (D:7)
  A howler monkey (D:6)
  2 centaur zombies
  6 hounds
  A bullfrog zombie (D:5)
  4 orc wizards
  An orc priest (D:4)
  2 gnoll shamans
  Jessica (D:2)
  An iguana (D:6)
  5 worker ants
  Robin (D:2)
  23 gnolls
  A worker ant zombie (D:6)
  8 adders
  A shadow imp (D:7)
  2 oozes (D:3)
  An adder skeleton (D:4)
  An adder zombie (D:5)
  A worm (D:3)
  2 dart slugs
  6 leopard geckos
  13 orcs
  4 bats
  8 giant cockroaches
  13 goblins
  12 hobgoblins
  7 jackals
  2 quokkas (D:4)
  3 ball pythons
  6 frilled lizards
  6 kobolds
  2 leopard gecko skeletons (D:4)
  7 rats
  A spectral orc (D:5)
172 creatures vanquished.

Notes
Turn   | Place    | Note
-------+----------+-------------------------------------------
     0 | D:1      | vegard the Deep Elf Air Elementalist began the quest for
                  | the Orb.
     0 | D:1      | Reached XP level 1. HP: 10/10 MP: 6/6
   261 | D:1      | Reached XP level 2. HP: 15/15 MP: 4/8
   539 | D:1      | Learned a level 2 spell: Swiftness
   837 | D:1      | Reached XP level 3. HP: 12/19 MP: 7/9
  1703 | D:2      | Noticed Robin
  2052 | D:2      | Learned a level 3 spell: Static Discharge
  2226 | D:2      | Found a glowing golden altar of the Shining One.
  2298 | D:2      | Reached XP level 4. HP: 24/24 MP: 10/10
  2444 | D:2      | Noticed Jessica
  2448 | D:2      | Killed Jessica
  2586 | D:2      | Killed Robin
  2869 | D:2      | Found a sacrificial altar of Ru.
  2989 | D:3      | Reached XP level 5. HP: 28/28 MP: 12/12
  3877 | D:3      | Reached skill level 4 in Spellcasting
  4118 | D:3      | Learned a level 5 spell: Lightning Bolt
  4374 | D:4      | Reached skill level 1 in Short Blades
  4533 | D:4      | Reached XP level 6. HP: 32/32 MP: 14/14
  5113 | D:4      | Found a radiant altar of Vehumet.
  5119 | D:4      | Became a worshipper of Vehumet
  5164 | D:4      | Found Pumumiuf's Book Emporium.
  5371 | D:5      | Entered Level 5 of the Dungeon
  5382 | D:5      | Reached skill level 5 in Air Magic
  5567 | D:5      | Reached XP level 7. HP: 36/36 MP: 16/16
  5784 | D:5      | Reached skill level 5 in Spellcasting
  5836 | D:5      | Found Enoat's Gadget Emporium.
  5914 | D:5      | Found Yryusaym's Armour Shop.
  6104 | D:5      | Learned a level 1 spell: Confusing Touch
  6517 | D:5      | Reached * piety under Vehumet
  6517 | D:5      | Offered knowledge of Sting by Vehumet.
  6517 | D:5      | Reached skill level 5 in Dodging
  6527 | D:5      | Found Gessesak's Jewellery Emporium.
  6546 | D:5      | Reached XP level 8. HP: 30/41 MP: 15/18
  6746 | D:5      | Reached skill level 6 in Spellcasting
  7018 | D:5      | Reached skill level 5 in Conjurations
  7600 | D:5      | Found a basalt altar of Yredelemnul.
  8439 | D:5      | Reached skill level 7 in Spellcasting
  8573 | D:6      | Reached ** piety under Vehumet
  8864 | D:6      | Reached XP level 9. HP: 40/45 MP: 21/21
  8918 | D:6      | Offered knowledge of Searing Ray by Vehumet.
  9107 | D:6      | Found a staircase to the Ecumenical Temple.
  9711 | D:7      | Shot with an arrow by a centaur

Levels and vault maps discovered:
D:1:      minmay_arrival_five_plusses, layout_basic
D:2:      layout_loops_ring, tso_altar, nicolae_ru_path_of_blood,
          kennysheep_generic_room_4, uniq_jessica, uniq_robin
D:3:      layout_rooms, first_ration
D:4:      layout_loops_ring, lemuel_round_altar, serial_shops,
          nicolae_shop_stone
D:5:      layout_cave_pools, yredelemnul_forgotten_temple_becter, serial_shops,
          nicolae_shop_trees, serial_gnoll_camp, gnoll_camp_mini_hut,
          gnoll_camp_mini_shop, gnoll_camp_mini_house, gnoll_camp_mini_shop,
          gnoll_camp_mini_loothouse, gnoll_camp_medium_01,
          kennysheep_small_square
D:6:      layout_cave_pods, minmay_temple_entry_grid, minmay_misc_feat_tower
D:7:      layout_cave_pods, kiku_gazebo_garden_becter,
          ebering_ghost_disaster_area, serial_shops, shop, shop, shop

Skill      XL: |  1  2  3  4  5  6  7  8  9 |
---------------+----------------------------+-----
Air Magic      | 4 5 6 |  6.8
Stealth        | 3 |  3.3
Conjurations   | 2 3 4 5 6 |  6.2
Dodging        | 3 4 5 6 |  6.8
Spellcasting   | 4 5 7 |  7.7
Short Blades   | 1 2 3 4 |  4.8

Action                   |  1- 3 |  4- 6 |  7- 9 || total
-------------------------+-------+-------+-------++-------
Melee: Unarmed           |     7 |       |       ||     7
       Short sword       |    12 |     3 |       ||    15
       Dagger            |       |     4 |    25 ||    29
 Cast: Shock             |    76 |   142 |   217 ||   435
       Swiftness         |     3 |       |       ||     3
       Static Discharge  |       |    19 |    36 ||    55
       Lightning Bolt    |       |       |    14 ||    14
Evoke: Wand              |       |     2 |     4 ||     6
  Use: Scroll            |     2 |     5 |     5 ||    12
       Potion            |     1 |     1 |     2 ||     4
 Stab: Sleeping          |     3 |       |     2 ||     5
  Eat: Ration            |     2 |     2 |     3 ||     7
       Chunk             |       |     2 |     5 ||     7
Armor: Skin              |    14 |       |       ||    14
       Robe              |     3 |     3 |    15 ||    21
Dodge: Dodged            |    44 |    28 |    92 ||   164

Table legend:
 A = Non-vault XP
 B = Vault XP
 C = Vault XP percentage of total XP
 D = Non-vault monster count
 E = Vault monster count
 F = Vault count percentage of total count
                 A         B        C        D         E       F
            +---------+---------+-------+---------+---------+-------
      Total |    2749 |     799 |  22.5 |     132 |      40 |  23.3
            +---------+---------+-------+---------+---------+-------
        D:1 |      45 |       0 |   0.0 |      19 |       0 |   0.0
        D:2 |      69 |      73 |  51.4 |      22 |      13 |  37.1
        D:3 |     135 |       0 |   0.0 |      30 |       0 |   0.0
        D:4 |     305 |       0 |   0.0 |      15 |       0 |   0.0
        D:5 |     748 |     726 |  49.3 |      14 |      27 |  65.9
        D:6 |    1085 |       0 |   0.0 |      23 |       0 |   0.0
        D:7 |     362 |       0 |   0.0 |       9 |       0 |   0.0
            +---------+---------+-------+---------+---------+-------
